AoeStats
← スカムバッグ

Fortress

508266123Analyzed
4v4 RM · 10d ago on Sep 21, 2026· 50m 59s· 8 players
Game mode
Random Map
Map size
Huge
Population
200
Speed
Normal
Resources
Standard
Victory
Conquest
Starting age
Dark Age
Ending age
Imperial Age
RankedLock teamsTeams togetherTeam positionsShared explorationLock speedFull tech treeHidden civsTurbo modeCheats
Victory
Defeat
🇪🇸 Turks · Spain
1045
+12
🇸🇰 Goths · Slovakia
997
+14
🇨🇿 Bengalis · Czechia
996
+14
🇦🇹 Jurchens · Austria
964
+16
🇺🇸 Celts · United States
993
-15
🇵🇰 Huns · Pakistan
975
-15
🇬🇷 Lithuanians · Greece
923
-13
🇮🇳 Burmese · India
922
-13
スカムバッグ
7:04 Feudal Age
12:48 Castle Age
12:14 Horse Collar
12:20 Double-Bit Axe
17:05 Fletching
17:16 Padded Archer Armor
17:23 Scale Barding Armor
17:16 Gold Mining
18:26 Wheelbarrow
18:43 Padded Archer Armor
21:04 Gold Shaft Mining
22:50 Ballistics
26:43 Imperial Age
25:46 Hand Cart
26:16 Bodkin Arrow
27:05 Town Watch
28:01 Bracer
28:57 Husbandry
29:08 Bloodlines
30:03 Elite Elephant Archer
30:27 Treadmill Crane
31:59 Caravan
32:22 Paiks
32:39 Conscription
37:22 Leather Archer Armor
39:11 Chemistry
40:38 Mahayana
41:49 Ring Archer Armor
45:09 Scale Mail Armor
45:20 Forging
45:32 Chain Barding Armor
44:36 Elite Battle Elephant
48:19 Iron Casting
48:19 Plate Barding Armor
51:42 Blast Furnace
50:45 Atonement
50:57 Redemption
50:47 Devotion
51:08 Sanctity
51:13 Illumination
50:43 Herbal Medicine
51:04 Block Printing
50:59 Fervor
51:25 Theocracy
50:11 Elite Skirmisher
50:12 Crossbowman
50:53 Heavy Plow
50:55 Town Patrol
51:07 Bow Saw
Bertinos
8:32 Feudal Age
12:14 Castle Age
11:46 Double-Bit Axe
18:36 Horse Collar
21:18 Squires
25:51 Gold Mining
26:15 Scale Barding Armor
26:21 Forging
28:28 Bow Saw
28:47 Husbandry
28:57 Bloodlines
32:11 Wheelbarrow
31:22 Town Watch
31:40 Heavy Plow
35:31 Imperial Age
34:08 Chain Barding Armor
34:24 Iron Casting
36:42 Bombard Tower
36:45 Ballistics
36:33 Heavy Camel Rider
Mr.MoneyBoy
7:09 Feudal Age
7:38 Horse Collar
7:46 Double-Bit Axe
8:32 Loom
14:45 Castle Age
12:57 Stone Mining
16:00 Bow Saw
16:04 Heavy Plow
20:34 Gold Mining
21:19 Stone Shaft Mining
23:56 Wheelbarrow
23:06 Town Watch
25:47 Hand Cart
25:32 Town Patrol
25:56 Fervor
26:29 Scale Barding Armor
26:35 Forging
26:38 Bloodlines
26:29 Husbandry
26:35 Fortified Bastions
29:25 Caravan
31:15 Chain Barding Armor
31:30 Iron Casting
30:47 Fletching
31:20 Ballistics
30:40 Treadmill Crane
31:11 Masonry
30:59 Murder Holes
31:14 Fortified Wall
36:53 Imperial Age
35:51 Bodkin Arrow
36:04 Siege Engineers
38:34 Chemistry
37:59 Conscription
37:00 Elite Iron Pagoda
38:48 Crop Rotation
39:23 Two-Man Saw
39:40 Blast Furnace
39:15 Plate Barding Armor
38:41 Bracer
38:42 Padded Archer Armor
40:52 Thunderclap Bombs
41:19 Hoardings
45:25 Leather Archer Armor
45:34 Guilds
45:55 Coinage
47:55 Ring Archer Armor
51:43 Architecture
Aballion
4:15 Loom
7:01 Feudal Age
8:05 Double-Bit Axe
8:05 Horse Collar
16:30 Castle Age
17:40 Loom
18:21 Bow Saw
18:12 Heavy Plow
17:43 Pikeman
18:27 Squires
19:14 Stone Mining
19:19 Gold Mining
25:15 Man-at-Arms
30:34 Imperial Age
28:31 Murder Holes
28:57 Ballistics
35:09 Caravan
39:08 Long Swordsman
41:31 Forging
41:22 Scale Mail Armor
45:01 Imperial Age
43:44 Iron Casting
43:36 Chain Mail Armor
46:30 Conscription
46:10 Perfusion
45:40 Halberdier
47:16 Wheelbarrow
46:28 Town Watch
47:15 Crop Rotation
47:47 Two-Man Saw
46:58 Two-Handed Swordsman
47:31 Champion
49:20 Blast Furnace
48:34 Scale Barding Armor
49:58 Hand Cart
dr.rekter ☄
8:21 Feudal Age
8:07 Loom
9:00 Horse Collar
9:07 Double-Bit Axe
16:39 Castle Age
15:00 Fletching
17:05 Padded Archer Armor
20:05 Bodkin Arrow
21:23 Bow Saw
23:07 Forging
23:31 Scale Barding Armor
24:56 Heavy Plow
24:26 Elite Skirmisher
26:15 Bloodlines
26:37 Pikeman
28:16 Husbandry
29:29 Leather Archer Armor
29:37 Squires
34:20 Imperial Age
32:32 Ballistics
32:15 Scale Mail Armor
33:09 Wheelbarrow
33:44 Iron Casting
33:59 Masonry
34:54 Chain Barding Armor
36:44 Two-Man Saw
37:19 Chemistry
38:00 Plate Barding Armor
39:07 Bracer
41:02 Ring Archer Armor
41:19 Theocracy
40:25 Halberdier
43:13 Chain Mail Armor
45:57 Chain Mail Armor
dacotton1
7:26 Feudal Age
8:14 Double-Bit Axe
8:14 Horse Collar
13:01 Castle Age
12:50 Man-at-Arms
15:29 Town Watch
15:31 Loom
17:23 Wheelbarrow
18:13 Scale Mail Armor
19:27 Arson
20:02 Long Swordsman
22:12 Forging
22:31 Gambesons
22:09 Pikeman
25:03 Town Patrol
26:47 Hand Cart
26:52 Chain Mail Armor
31:41 Imperial Age
30:59 Iron Casting
33:00 Plate Mail Armor
33:36 Blast Furnace
33:45 Stronghold
34:54 Fletching
35:59 Murder Holes
36:10 Siege Engineers
36:42 Two-Handed Swordsman
38:48 Halberdier
41:49 Bodkin Arrow
42:19 Ballistics
45:29 Furor Celtica
45:44 Conscription
45:59 Hoardings
46:50 Heavy Scorpion
Memory
9:21 Feudal Age
11:15 Wheelbarrow
10:30 Double-Bit Axe
13:21 Castle Age
12:18 Horse Collar
12:30 Gold Mining
12:32 Stone Mining
14:54 Loom
15:31 Scale Barding Armor
17:16 Hand Cart
18:37 Chain Barding Armor
19:34 Forging
20:51 Iron Casting
20:52 Husbandry
21:05 Bloodlines
20:56 Husbandry
28:21 Marauders
32:08 Imperial Age
32:22 Elite Tarkan
34:30 Plate Barding Armor
35:25 Thumb Ring
35:45 Parthian Tactics
35:38 Fletching
36:16 Bodkin Arrow
37:00 Bracer
37:03 Padded Archer Armor
38:47 Heavy Cavalry Archer
39:49 Leather Archer Armor
41:07 Chemistry
40:28 Ballistics
Electic
6:43 Loom
9:49 Feudal Age
14:44 Castle Age
12:42 Horse Collar
12:58 Gold Mining
15:06 Wheelbarrow
27:51 Imperial Age
25:31 Fletching
26:36 Hand Cart
26:08 Town Watch
26:41 Bodkin Arrow
27:17 Scale Barding Armor
28:15 Ballistics
28:07 Fortified Wall
27:54 Murder Holes
28:10 Masonry
27:42 Treadmill Crane
28:41 Husbandry
28:59 Bloodlines
29:22 Conscription
29:27 Padded Archer Armor
30:12 Chain Barding Armor
30:23 Town Patrol
30:28 Heavy Plow
31:27 Manipur Cavalry
31:32 Howdah
32:47 Chemistry
32:37 Crop Rotation
32:58 Bracer
34:22 Plate Barding Armor
33:57 Stone Mining
34:46 Gold Shaft Mining
34:40 Caravan
34:53 Guilds
35:23 Elite Arambai
36:28 Pikeman
37:09 Squires
36:55 Arson
37:58 Halberdier
38:51 Forging
38:42 Scale Mail Armor
42:40 Chain Mail Armor
43:01 Iron Casting
46:40 Plate Mail Armor
47:11 Blast Furnace
Connection lost

Rejoining the realm…

Still unreachable

The connection could not be restored.

Session expired

The server has moved on; the page needs a fresh start.